 Dungeon Crawl Stone Soup version 0.29-a0-824-gd827844252 (webtiles) character file.

Game seed: 8931894643900308517

313 Malachi the Slasher (level 6, -3/44 HPs)
             Began as a Demonspawn Gladiator on July 10, 2022.
             Was an Initiate of Wu Jian.
             Splashed by a jelly's acid (9 damage)
             ... on level 5 of the Dungeon.
             The game lasted 00:05:10 (4635 turns).

Malachi the Slasher (Demonspawn Gladiator)          Turns: 4635, Time: 00:05:12

Health: -3/44      AC: -6    Str: 14    XL:     6   Next: 19%
Magic:  6/6        EV: 13    Int:  9    God:    Wu Jian [......]
Gold:   110        SH:  0    Dex: 17    Spells: 5/5 levels left

rFire   + . .      SeeInvis .   a - +0 long sword
rCold   + + .      Faith    .   (no shield)
rNeg    . . .      Spirit   .   n - +0 robe {rC+ rF+}
rPois   .          Reflect  .   c - +0 helmet
rElec   .          Harm     .   (no cloak)
rCorr   .          Rampage  .   (no gloves)
Will    .....                   (no boots)
Stlth   ++........              (no amulet)
HPRegen 0.14/turn               i - ring of protection from cold
MPRegen 0.10/turn               s - ring of flight

@: corroded, flying
A: hooves 2, thin metallic scales 1
a: Renounce Religion


You were on level 5 of the Dungeon.
You worshipped Wu Jian.
Wu Jian was noncommittal.
You visited 2 branches of the dungeon, and saw 6 of its levels.

You collected 110 gold pieces.

Inventory:

Hand Weapons
 a - a +0 long sword (weapon)
 k - a +2 dagger of freezing
 r - the +3 short sword "Cyessoiwk" {antimagic, *Corrode rC+ Stlth+}
   (You took it off a hobgoblin on level 2 of the Dungeon)

   It reduces the magical energy of the wielder, and disrupts the spells and
   magical abilities of those it strikes.
   Natural abilities and divine invocations are not affected.
   rC:        It protects you from cold.
   *Corrode:  It may corrode you when you take damage.
   Stlth:     It makes you more stealthy.
Missiles
 d - 3 throwing nets (quivered)
 e - a javelin
 f - 6 poisoned darts
 t - 4 silver javelins
Armour
 c - a +0 helmet (worn)
 n - a +0 robe of resistance (worn)
 w - a +2 robe of the Archmagi
Jewellery
 i - a ring of protection from cold (left hand)
 p - a ring of magical power
 s - a ring of flight (right hand)
Scrolls
 b - a scroll of summoning {unknown}
 g - a scroll of fear
 j - 2 scrolls of immolation
 q - a scroll of acquirement {unknown}
 v - a scroll of enchant weapon {unknown}
 y - 2 scrolls of identify
 C - 2 scrolls of poison {unknown}
Potions
 h - 2 potions of haste {unknown}
 l - 2 potions of heal wounds {unknown}
 m - 2 potions of mutation {unknown}
 o - 2 potions of berserk rage {unknown}
 u - 3 potions of curing {unknown}
 x - a potion of brilliance {unknown}
 z - a potion of might {unknown}
 A - 2 potions of attraction {unknown}
 B - a potion of flight {unknown}
 D - a potion of degeneration {unknown}
 E - a potion of invisibility {unknown}


   Skills:
 - Level 2.0 Fighting
 * Level 5.9 Long Blades
 - Level 1.7 Throwing
 + Level 1.0 Armour
 - Level 2.6 Dodging
 + Level 1.6 Stealth


You had 5 spell levels left.
You didn't know any spells.
Your spell library contained the following spells:

 Spells                   Type           Power      Damage    Failure   Level
 Magic Dart               Conj           0%         1d3       38%         1
 Call Imp                 Summ           0%         N/A       52%         2
 Searing Ray              Conj           0%         2d4       52%         2
 Mephitic Cloud           Conj/Pois/Air  0%         N/A       77%         3
 Ozocubu's Armour         Ice            0%         N/A       77%         3
 Fulminant Prism          Conj/Hex       0%         3d6       99%         4
 Metabolic Englaciation   Hex/Ice        0%         N/A       100%        5
 Simulacrum               Ice/Necr       0%         N/A       100%        6


Dungeon Overview and Level Annotations

Branches:
Dungeon (5/15)             Temple (1/1) D:4

Altars:
Ashenzari
Dithmenos
Fedhas
Hepliaklqana
Kikubaaqudgha
Makhleb
Nemelex Xobeh
Okawaru
Qazlal
Ru
Sif Muna
Trog
Wu Jian
Xom
Yredelemnul

Shops:
D:1 [=[


Innate Abilities, Weirdness & Mutations

You have hoof-like feet.
You are partially covered in thin metallic scales. (AC +2)


Message History

You start resting.
A jelly comes into view.
A jelly is nearby!
You fly upwards.
There is a stone staircase leading down here.
Unknown command.
You start resting.
HP restored.
You start waiting.
Done waiting.
You fly downwards.
There is a stone staircase leading up here.
Unknown command.
No target in view!
No target in view!
You see here a +0 robe.
The jelly quivers.
There is a stone staircase leading up here.
Found a stone staircase leading up.
You lunge at the jelly, but your attack speed is too slow for a blow to land.
The jelly hits you. The acid corrodes you!
You are splashed with acid!
You barely miss the jelly. The jelly hits you. The acid corrodes you!
You are splashed with acid!
You slash the jelly!
Your hands burn!
You kick the jelly, but do no damage.
The jelly is heavily wounded.
The jelly hits you.
You are splashed with acid.
The jelly hits you but does no damage.
You hit the jelly.
Your hands burn!
* * * LOW HITPOINT WARNING * * *
You kick the jelly, but do no damage.
The jelly is severely wounded.
The jelly misses you.
You hit the jelly but do no damage. The acid corrodes you!
Your hands burn!
* * * LOW HITPOINT WARNING * * *
You kick the jelly, but do no damage.
The jelly is severely wounded.
The jelly hits you.
* * * LOW HITPOINT WARNING * * *
The acid corrodes you!
You are splashed with acid!
You die...

....... ##...
#.......
..#...
........
.....<
#.......
.....#
........#..!.
#...#......#
......J#...#
..##..@...#
........<..#
..........##
........[.#
.........##
.....#####
.####


You could see a jelly.

Vanquished Creatures
  A scorpion (D:5)
  2 orc priests (D:4)
  A hound (D:4)
  An iguana (D:5)
  3 orc wizards (D:4)
  3 dart slugs
  4 orcs (D:4)
  7 ball pythons
  7 endoplasms
  A giant cockroach (D:2)
  6 goblins
  8 hobgoblins
  5 kobolds (D:1)
  A quokka (D:3)
  3 frilled lizards
  A rat (D:2)
54 creatures vanquished.

Vanquished Creatures (others)
  A plant (D:1)
1 creature vanquished.

Grand Total: 55 creatures vanquished

Notes
Turn   | Place    | Note
-------+----------+-------------------------------------------
     0 | D:1      | Malachi the Demonspawn Gladiator began the quest for the
                  | Orb.
     0 | D:1      | Reached XP level 1. HP: 16/16 MP: 1/1
    66 | D:1      | Reached skill level 3 in Long Blades
   159 | D:1      | Found Wenay's Armour Shoppe.
   324 | D:1      | Gained mutation: You have large cloven feet. [demonic
                  | ancestry]
   324 | D:1      | Reached XP level 2. HP: 22/22 MP: 2/2
   537 | D:1      | Found Cyesiveu's Jewellery Boutique.
   648 | D:1      | Found Umaicad's Armour Emporium.
  1092 | D:1      | Gained mutation: You have hoof-like feet. [demonic
                  | ancestry]
  1092 | D:1      | Reached XP level 3. HP: 25/27 MP: 3/3
  1339 | D:2      | Found a shimmering blue altar of Sif Muna.
  1555 | D:2      | Reached skill level 4 in Long Blades
  1928 | D:2      | Identified the +3 short sword "Cyessoiwk" {antimagic,
                  | *Corrode rC+ Stlth+}
  2000 | D:3      | Found a faded altar of an unknown god.
  2549 | D:4      | Gained mutation: You are partially covered in thin metallic
                  | scales. (AC +2) [demonic ancestry]
  2549 | D:4      | Reached XP level 4. HP: 11/33 MP: 4/4
  2863 | D:4      | Reached skill level 5 in Long Blades
  2863 | D:4      | Reached skill level 1 in Stealth
  2863 | D:4      | Reached XP level 5. HP: 8/38 MP: 5/5
  3211 | D:4      | Found a staircase to the Ecumenical Temple.
  3242 | Temple   | Entered the Ecumenical Temple
  3426 | Temple   | Became a worshipper of the Wu Jian Council
  4211 | D:5      | Entered Level 5 of the Dungeon
  4218 | D:5      | Reached skill level 1 in Armour
  4218 | D:5      | Reached XP level 6. HP: 13/44 MP: 6/6
  4220 | D:5      | HP: 1/44 [iguana (11)]
  4635 | D:5      | Splashed by a jelly's acid

Illustrated notes

Levels and vault maps discovered:
D:1:      minmay_arrival_loop, layout_loops_ring, serial_shops,
          nicolae_shop_behind_doors, nicolae_shop_behind_doors, shop,
          serial_forest, infiniplex_forest_corner_1, infiniplex_forest_corner_1,
          infiniplex_forest_zigzag_1, infiniplex_forest_end_2,
          infiniplex_forest_corner_2, infiniplex_forest_lined_corner,
          infiniplex_forest_3_way, serial_bayou_ford_a
D:2:      layout_basic, basic_altar
D:3:      layout_basic, hellmonk_ecumenical_altar_zigzags,
          minmay_stone_trees_small
D:4:      layout_basic, minmay_temple_entry_statues_pillars
D:5:      layout_cave_pools, gammafunk_ghost_smash, uniq_duvessa
Temple:   bh_familiar_temple

Skill      XL: |  1  2  3  4  5 |
---------------+----------------+-----
Long Blades    | 3 4 5 |  5.9
Stealth        | 1 |  1.6
Armour         | 1 |  1.0
Fighting       | |  2.0
Throwing       | |  1.7
Dodging        | |  2.6

Action                   |  1- 3 |  4- 6 || total
-------------------------+-------+-------++-------
Melee: Long sword        |    68 |    45 ||   113
       Kick              |    10 |    18 ||    28
       Punch             |     1 |     1 ||     2
Invok: Lunge             |       |     1 ||     1
  Use: Scroll            |     1 |     2 ||     3
 Stab: Sleeping          |     4 |     1 ||     5
Armor: Leather armour    |    15 |       ||    15
       Robe              |     2 |     8 ||    10
Dodge: Dodged            |    53 |    22 ||    75

Table legend: (Time is in decaauts)
 A = Elapsed time spent in this place.
 B = Non-inter-level travel time spent in this place.
 C = Inter-level travel time spent in this place.
 D = Time resting spent in this place.
 E = Time spent auto-exploring this place.
 F = Levels seen in this place.
 G = Mean time per level.
                   A        B        C        D        E       F      G
               +--------+--------+--------+--------+--------+-----+--------+
         Total |   4660 |   4583 |     77 |   1079 |   2993 |   6 |  776.7 |
       Dungeon |   4461 |   4407 |     54 |   1079 |   2822 |   5 |  892.2 |
        Temple |    198 |    175 |     23 |      0 |    171 |   1 |  198.0 |
               +--------+--------+--------+--------+--------+-----+--------+

Top non-repeatable levels by time:
     D:4: 1431 daAuts
     D:1: 1240 daAuts
     D:3: 881 daAuts
     D:2: 734 daAuts
  Temple: 198 daAuts
     D:5: 173 daAuts
